Map: Triton LE

Players

sultan - Winner!

  • Race: Zerg Zerg
  • Spawn Location: 11:00

dladhksehd

  • Race: Terran Terran
  • League: Bronze
  • Spawn Location: 5:00

VOD

Have the link to the VOD?

Description

Time

  • Played on: Aug. 22, 2019, 6:36 a.m.
  • Length: 26:34
Show
View Real Time Build Order
Export as new Build Order

sultan Zerg - Winner!

Build Orders: Pool First 

Get SALT Encoding   

  12  0:10  Overlord  
  12  0:18  Drone  
  12  0:19  Drone  
  14  0:34  Drone x2  
  16  0:46  Spawning Pool  
  15  0:54  Drone  
  15  0:55  Drone  
  17  1:00  Extractor  
  16  1:15  Drone x2  
  18  1:30  Drone  
  19  1:55  Queen, Hatchery  
  20  2:10  Zergling x4  
  20  2:12  Overlord  
  22  2:31  Drone  
  23  3:03  Metabolic Boost  
  23  3:10  Overlord x2  
  23  3:11  Overlord x4  
  23  3:18  Lair  
  23  3:21  Drone x2  
  25  3:37  Queen  
  27  3:58  Drone  
  27  3:59  Drone x2  
  27  4:02  Hatchery  
  29  4:14  Pneumatized Carapace  
  29  4:16  Drone  
  31  4:17  Drone x2  
  32  4:40  Spore Crawler  
  31  4:47  Drone x4  
  35  4:52  Spore Crawler  
  35  4:56  Overseer  
  34  5:28  Roach Warren  
  33  5:39  Spire  
  33  5:41  Drone x5  
  33  5:42  Drone x2  
  39  5:47  Overlord  
  39  5:48  Overlord x2  
  39  5:55  Queen  
  41  6:23  Drone  
  41  6:24  Drone x2  
  44  6:30  Queen  
  46  6:40  Drone x2  
  46  6:41  Drone  
  46  6:42  Drone  
  46  6:43  Spire  
  49  6:50  Overlord x3  
  49  7:06  Queen  
  51  7:25  Drone x3  
  51  7:26  Drone x2  
  56  7:33  Extractor  
  56  7:36  Extractor  
  54  7:42  Queen, Overseer x3  
  54  7:43  Overseer  
  50  8:17  Queen, Roach x3  
  50  8:18  Roach x3  
  50  8:19  Roach  
  66  8:22  Roach  
  66  8:23  Roach  
  55  8:58  Queen  
  55  9:19  Drone  
  55  9:20  Drone x4  
  60  9:33  Queen  
  62  9:55  Extractor  
  61  10:09  Queen, Extractor  
  61  10:11  Overlord x2  
  61  10:12  Overlord  
  62  10:15  Extractor  
  62  10:16  Zerg Flyer Weapons Level 1  
  62  10:18  Zerg Flyer Armor Level 1  
  61  10:24  Infestation Pit  
  60  10:37  Glial Reconstitution  
  60  10:40  Evolution Chamber  
  60  10:42  Drone  
  60  10:43  Drone x5  
  60  10:44  Drone x3  
  66  11:03  Drone x3  
  70  11:04  Drone x4  
  70  11:05  Drone x2  
  75  11:14  Hive  
  75  11:20  Lair  
  73  11:26  Overseer  
  73  11:27  Overseer x4  
  73  11:28  Overseer  
  53  11:49  Overlord x3  
  53  11:56  Drone  
  53  11:58  Queen  
  56  12:20  Overseer x5  
  56  12:27  Hive  
  56  12:34  Queen  
  56  12:36  Queen  
  60  12:38  Overlord x3  
  60  12:42  Greater Spire  
  60  12:43  Zerg Flyer Weapons Level 2  
  60  13:10  Queen  
  62  13:25  Corruptor x3  
  68  13:45  Queen  
  70  14:16  Zerg Flyer Armor Level 2  
  70  14:19  Neural Parasite  
  70  14:21  Queen  
  72  14:24  Zerg Missile Weapons Level 1  
  72  14:31  Overlord  
  72  14:32  Overlord x2  
  73  14:38  Drone x2  
  73  14:39  Drone  
  75  15:05  Drone x3  
  75  15:06  Drone x2  
  80  15:10  Drone  
  80  15:11  Drone  
  82  15:19  Corruptor  
  82  15:20  Corruptor x4  
  82  15:21  Corruptor  
  94  16:11  Mutalisk x2  
  94  16:12  Mutalisk x4  
  94  16:13  Mutalisk x5  
  94  16:14  Mutalisk x4  
  124  16:18  Zerg Ground Armor Level 1  
  124  16:31  Overlord x3  
  124  16:47  Zerg Flyer Weapons Level 3  
  124  16:50  Greater Spire  
  124  17:10  Overseer  
  124  17:11  Overseer x4  
  124  18:02  Drone x3  
  127  18:09  Zerg Flyer Armor Level 3  
  127  18:11  Corruptor x3  
  127  18:12  Corruptor x3  
  139  18:48  Overseer  
  134  19:49  Corruptor x4  
  134  19:50  Corruptor x5  
  134  19:51  Corruptor x2  
  156  19:53  Corruptor  
  150  20:32  Mutalisk x3  
  147  21:11  Mutalisk x6  
  147  21:12  Mutalisk x2  
  163  21:29  Hatchery  
  163  21:30  Brood Lord x2  
  166  22:07  Brood Lord  
  166  22:08  Brood Lord x2  
  172  22:44  Extractor  
  171  22:57  Extractor  
  170  23:10  Brood Lord  
  170  23:12  Brood Lord x3  
Show
View Real Time Build Order
Export as new Build Order

dladhksehd Terran 

Build Orders:  

Get SALT Encoding   

  12  0:05  SCV  
  13  0:17  SCV  
  13  0:21  Supply Depot  
  14  0:29  Refinery  
  14  0:30  SCV  
  15  0:44  Barracks  
  15  0:51  Refinery  
  15  0:55  SCV  
  16  1:09  SCV  
  17  1:26  SCV  
  18  1:32  Supply Depot  
  18  1:37  Barracks Reactor  
  18  1:48  SCV  
  18  1:53  Factory  
  19  2:01  Orbital Command  
  19  2:14  Marine, Engineering Bay  
  20  2:32  Bunker  
  20  2:47  Factory Tech Lab  
  20  2:59  Starport  
  20  3:00  SCV  
  20  3:01  Supply Depot  
  21  3:09  Marine  
  22  3:14  SCV  
  23  3:25  Barracks  
  23  3:34  Marine  
  23  3:36  Starport Tech Lab  
  24  3:51  Marine  
  24  3:52  Bunker  
  24  3:53  SCV  
  26  4:02  Ghost Academy  
  26  4:05  SCV  
  26  4:08  Marine  
  28  4:10  Marine  
  29  4:19  Cloaking Field  
  29  4:32  SCV  
  29  4:35  Barracks Tech Lab  
  30  4:39  Supply Depot  
  30  4:44  SCV  
  31  4:56  Ghost  
  31  4:58  SCV  
  34  5:01  Terran Infantry Weapons Level 1  
  34  5:10  Mag-Field Accelerator  
  34  5:15  SCV  
  35  5:26  Barracks  
  35  5:31  Nuke  
  35  5:34  SCV  
  36  5:43  Marine  
  36  5:46  SCV  
  38  5:58  SCV  
  39  6:08  Command Center  
  39  6:14  Marine, Personal Cloaking  
  40  6:23  Ghost Academy  
  40  6:26  SCV, Fusion Core  
  41  6:38  Hellion  
  43  6:47  SCV  
  43  6:49  Factory  
  43  6:52  Supply Depot  
  44  6:55  Nuke  
  44  6:59  SCV, Hellion  
  47  7:36  Factory Reactor  
  47  7:40  Supply Depot  
  47  7:43  Marine x2  
  49  7:44  Ghost Academy  
  49  7:45  Hellion  
  51  7:52  Armory  
  51  7:58  Supply Depot  
  51  8:00  Barracks Reactor  
  51  8:04  Planetary Fortress  
  51  8:06  Hellion  
  53  8:17  Ghost Academy  
  53  8:23  Ghost Academy  
  53  8:28  Hellion  
  48  9:01  Nuke  
  44  9:03  Nuke x2  
  44  9:09  Supply Depot  
  44  9:11  Hellbat x2  
  46  9:18  Nuke  
  46  9:32  SCV, Hellbat x2  
  46  9:36  SCV  
  52  9:48  SCV  
  53  9:57  Supply Depot  
  53  9:58  Factory  
  53  10:05  Marine x3, Ghost  
  58  10:08  SCV  
  58  10:13  SCV  
  60  10:26  Refinery  
  60  10:29  Refinery  
  60  10:33  SCV  
  61  10:40  Marine x3, Ghost  
  61  10:42  SCV  
  61  11:03  SCV  
  60  11:05  Barracks  
  60  11:16  SCV  
  61  11:32  Marine x3  
  61  11:33  Ghost  
  63  11:44  SCV  
  62  11:51  Factory Reactor  
  62  11:53  Barracks  
  62  11:58  Supply Depot  
  62  12:02  SCV, Ghost  
  62  12:07  Barracks  
  65  12:34  Factory  
  65  12:35  SCV  
  66  12:42  Barracks Reactor  
  66  12:43  Barracks Reactor  
  66  12:45  Starport  
  64  13:11  Marine x2  
  64  13:12  Marine, Ghost  
  69  13:14  SCV  
  68  13:31  Marine x3  
  71  13:40  Ghost  
  73  13:43  Barracks  
  73  13:49  Barracks, Starport Reactor  
  73  13:56  Factory Tech Lab  
  71  14:05  Nuke  
  71  14:09  Ghost  
  73  14:11  SCV  
  74  14:21  Barracks Tech Lab  
  74  14:25  Barracks Reactor  
  74  14:41  Barracks  
  74  14:45  Barracks Reactor  
  74  14:46  Barracks Reactor  
  74  14:51  Marine x3  
  74  14:52  Marauder  
  79  14:56  SCV  
  80  15:08  SCV  
  81  15:32  Barracks Tech Lab  
  81  15:35  Ghost Academy  
  78  15:50  SCV  
  78  15:54  Marine x2  
  81  16:07  SCV  
  82  16:29  Marine  
  83  16:53  Command Center  
  83  17:02  Thor  
  83  17:07  Hellbat  
  91  17:34  Starport  
  91  17:36  Marine x3  
  94  17:37  Marauder  
  102  17:57  Ghost Academy  
  102  17:59  Marauder  
  98  18:07  Barracks  
  98  18:23  Marine x3, Ghost  
  98  18:26  SCV  
  104  18:30  Thor  
  110  18:37  Planetary Fortress  
  110  18:42  Nuke  
  110  18:52  Ghost  
  112  18:55  Missile Turret  
  103  19:12  Barracks Tech Lab  
  103  19:20  Ghost  
  103  19:22  SCV  
  64  20:22  Factory Tech Lab  
  64  20:27  Marine x2, Ghost  
  66  20:29  SCV  
  67  20:40  SCV  
  67  20:41  Marine x2  
  64  20:47  Command Center  
  64  20:56  Ghost  
  66  20:59  Marine x2  
  66  21:01  Starport Tech Lab  
  68  21:05  Starport Reactor  
  68  21:11  Marine  
  68  21:12  Marine x2  
  68  21:17  Marine x2, SCV  
  74  21:22  Marine x2  
  74  21:23  Marine  
  77  21:29  Marine  
  78  21:35  Marine x2  
  80  21:52  Marine  
  80  21:53  Marine  
  82  22:06  SCV  
  83  22:10  Marine x2  
  85  22:24  Nuke  
  85  22:25  Nuke  
  85  22:28  Marine x2  
  87  22:46  Marine x2, Command Center  
  89  22:51  Barracks  
  89  23:04  Marine x2  
  91  23:06  Planetary Fortress  
  91  23:22  Marine x2  
  91  23:25  Refinery  
  91  23:26  Missile Turret  
  93  23:28  Refinery  
  93  23:29  Hellion  
  95  23:39  Marine x2  
  92  24:08  Marine x2  
  94  24:11  Marine x2, Ghost  
  94  24:13  SCV  
  95  24:25  Marine  
  95  24:26  Marine  
  97  24:43  Marine  
  91  24:55  Marine  
  91  24:56  SCV  
  93  25:01  Marine  
  86  25:19  Marine x2  
  83  25:26  Missile Turret  
  69  25:37  Nuke  
  69  25:38  Nuke  
  69  25:39  SCV  
  57  25:59  Marine x4  
  57  26:00  Marauder  
  58  26:12  Marine  
Tags
 
League
Bronze
Matchup
TvZ
Opening
Pool First
Spawn Locations
Cross Positions
Add a new tag
Caveats
  • Supply blocks, unpowered buildings, or Contaminate may cause inaccurate times.
  • Supply counts are checked every 10 seconds.